 Dungeon Crawl Stone Soup version 0.31-a0-833-gc15d34cb79 (webtiles) character file.

Game seed: 5425257113205854363

42 Kurtz the Chopper (level 3, -2/26 HPs)
             Began as an Octopode Fighter on Sept 25, 2023.
             Slain by a black bear (6 damage)
             ... on level 2 of the Dungeon.
             The game lasted 00:00:43 (1240 turns).

Kurtz the Chopper (Octopode Fighter)                Turns: 1240, Time: 00:00:44

Health: -2/26      AC:  1    Str: 15    XL:     3   Next: 56%
Magic:  3/3        EV: 13    Int: 10    God:
Gold:   56         SH:  4    Dex: 13    Spells: 2/2 levels left

rFire   . . .        a - +0 war axe
rCold   . . .        b - +0 buckler
rNeg    . . .        (helmet restricted)
rPois   .            (no amulet)
rElec   .            (no ring)
rCorr   .            (no ring)
SInv    .            (no ring)
Will    .....        (no ring)
Stlth   ++           (no ring)
HPRegen 0.24/turn    (no ring)
MPRegen 0.08/turn    (no ring)
                     (no ring)

%: no passive effects
@: no status effects
A: almost no armour, amphibious, 8 rings, camouflage 1, gelatinous body 1,
(nimble swimmer 1), tentacles
a: no special abilities


You were on level 2 of the Dungeon.
You visited 1 branch of the dungeon, and saw 2 of its levels.

You collected 56 gold pieces.

Inventory:

Hand Weapons
 a - a +0 war axe (weapon)
Missiles
 f - a throwing net
 g - 6 poisoned darts (quivered)
Armour
 b - a +0 buckler (worn)
Jewellery
 e - an amulet of guardian spirit
 i - a +4 ring of protection
Scrolls
 d - a scroll of enchant armour {unknown}
 h - a scroll of fear {unknown}
 j - a scroll of revelation {unknown}
 k - a scroll of teleportation {unknown}
Potions
 c - a potion of might


   Skills:
 - Level 3.0 Fighting
 * Level 3.8 Axes
 - Level 3.0 Dodging
 - Level 3.0 Shields


You had 2 spell levels left.
You didn't know any spells.
Your spell library contained the following spells:

 Spells                   Type           Power      Damage    Failure   Level
 Frozen Ramparts          Ice            0%         1d1       83%         3
 Petrify                  Tmut/Erth      0%         N/A       99%         4
 Metabolic Englaciation   Hex/Ice        0%         N/A       100%        5


Dungeon Overview and Level Annotations

Branches:
Dungeon (2/15)

Altars:

Shops:
D:1 !


Innate Abilities, Weirdness & Mutations

You cannot wear most types of armour.
You are amphibious.
You can wear up to eight rings at the same time.
Your skin changes colour to match your surroundings (Stealth+).
Your rubbery body absorbs attacks. (AC +1, EV +1)
((You are camouflaged when in or above water. (Stealth+)))
You have tentacles for arms and can constrict up to eight enemies at once.


Message History

You closely miss the goblin. You grab the goblin. You squeeze the goblin.
You kill the goblin!
Found a stone staircase leading down.
No target in view!
No target in view!
You pick up a book of Sloth and begin reading...
You add the spells Frozen Ramparts, Petrify and Metabolic Englaciation to your library.
No target in view!
Key pressed, stopping explore.
No target in view!
No target in view!
There is a stone staircase leading up here.
A black bear comes into view.
A black bear is nearby!
Found a pair of boots.
The black bear growls angrily.
You block the black bear's attack. The black bear claws you.
You block the black bear's attack.
You hit the black bear. Your grab misses the black bear.
You squeeze the black bear.
The black bear is lightly wounded.
The black bear closely misses you. The black bear claws you.
The black bear completely misses you.
You hit the black bear but do no damage.
Your grab misses the black bear. You squeeze the black bear!
The black bear is heavily wounded.
The black bear bites you! The black bear closely misses you. x2
You hit the black bear. You grab the black bear. You squeeze the black bear.
The black bear is almost dead.
You constrict the black bear, but do no damage.
The black bear goes berserk!
The black bear bites you. The black bear closely misses you.
The black bear misses you.
You are too injured to fight recklessly!
Unknown command.
You hit the black bear.
The black bear is almost dead.
You constrict the black bear. The black bear bites you.
* * * LOW HITPOINT WARNING * * *
The black bear claws you.
You die...

###.####.#.###.#.)....###.#
##.## #.#.# #.#.###### #.#
##...###.#.# #.#.# #..
...#......รท# #.#.# ##.
##...###.### #.#.# . ##.##
#.# #.#.# #.# #<# #.#.# #.#
#.# ##.#.######. ###.#
#.####...@....... ....#
#......###h###### #####
######.# .[. #.# .### #..
.# #### ##


You could see a black bear (berserk).

Vanquished Creatures
  2 adders (D:2)
  2 bats (D:2)
  An endoplasm (D:2)
  A giant cockroach (D:1)
  5 hobgoblins
  A quokka (D:1)
  4 ball pythons (D:1)
  3 frilled lizards
  3 goblins (D:2)
  2 rats (D:1)
24 creatures vanquished.

Notes
Turn   | Place    | Note
-------+----------+-------------------------------------------
     0 | D:1      | Kurtz the Octopode Fighter began the quest for the Orb.
     0 | D:1      | Reached XP level 1. HP: 16/16 MP: 1/1
   129 | D:1      | Found a faded altar of an unknown god.
   205 | D:1      | Found Xiewyop's Distillery.
   335 | D:1      | Reached XP level 2. HP: 21/21 MP: 2/2
   915 | D:2      | Reached XP level 3. HP: 18/26 MP: 3/3
  1233 | D:2      | Noticed a black bear
  1240 | D:2      | Slain by a black bear

Illustrated notes

Levels and vault maps discovered:
D:1:      psy_arrival_whirlpool, layout_basic, serial_shops,
          nicolae_shop_back_alley_shop, basic_ecumenical_altar
D:2:      layout_loops_ring

Skill      XL: |  1  2 |
---------------+-------+-----
Axes           | 3 |  3.8
Fighting       | |  3.0
Dodging        | |  3.0
Shields        | |  3.0

Action                     || total
---------------------------++-------
  Melee: War axe           ||    44
         Constrict         ||    12
         Tentacles         ||    11
   Stab: Sleeping          ||     3
 Armour: Skin              ||    18
  Dodge: Dodged            ||    25
  Block: Buckler           ||     7

Table legend: (Time is in decaauts)
 A = Elapsed time spent in this place.
 B = Non-inter-level travel time spent in this place.
 C = Inter-level travel time spent in this place.
 D = Time resting spent in this place.
 E = Time spent auto-exploring this place.
 F = Levels seen in this place.
 G = Mean time per level.
                   A        B        C        D        E       F      G
               +--------+--------+--------+--------+--------+-----+--------+
         Total |   1257 |   1160 |     97 |     84 |    914 |   2 |  628.5 |
       Dungeon |   1257 |   1160 |     97 |     84 |    914 |   2 |  628.5 |
               +--------+--------+--------+--------+--------+-----+--------+

Top non-repeatable levels by time:
     D:1: 825 daAuts
     D:2: 432 daAuts
